[Event "Titled Tuesday Blitz January 04 2022"]
[White "Kucuksari, Kaan"]
[Black "Artemenko, Oleg"]
[WhiteFideId "6380166"]
[BlackFideId "14201798"]
[WhiteElo "2305"]
[BlackElo "2287"]
[Result "0-1"]
[Round "08"]
[TimeControl "180+1"]
[Date "2022.01.04"]
[WhiteClock "0:00:01"]
[BlackClock "0:00:05"]

1. d4 Nf6 2. c4 e6 3. g3 Bb4+ 4. Bd2 Bxd2+ 5. Nxd2 O-O 6. Bg2 d5 7. Ngf3 c5 8. cxd5 Qxd5 9. dxc5 Qxc5 10. O-O Nc6 11. Nb3 Qb6 12. e3 Rd8 13. Qe2 e5 14. h3 Be6 15. Nfd2 Rac8 16. Rfc1 Nb4 17. Ne4 Rxc1+ 18. Rxc1 Nxa2 19. Nxf6+ gxf6 20. Rf1 Qxb3 21. Qh5 Qc2 22. Qh4 Qg6 23. Bxb7 Rd2 24. Be4 Bf5 25. Bg2 Rxb2 26. Rd1 Kg7 27. Rd6 Be6 28. Rd8 Nc3 29. g4 Rb1+ 30. Kh2 Ne2 31. Bf3 Rb2 32. Kg2 Qg5 33. Qxg5+ fxg5 34. Ra8 Ra2 35. Bxe2 Bd5+ 36. Bf3 e4 37. Rd8 exf3+ 38. Kg3 Rd2 39. e4 a5 40. exd5 a4 41. d6 a3 42. Ra8 Rxd6 43. Rxa3 Rd1 44. Rxf3 Kg6 45. Rf5 h5 46. Kg2 Rd4 47. Kg3 Rd3+ 48. Kg2 Ra3 49. Rf3 Ra4 50. Kg3 Ra7 51. Re3 Rd7 52. Rf3 hxg4 53. hxg4 Rd4 54. Rb3 f6 55. Rb8 Rd3+ 56. Kg2 Rd4 57. Kg3 Ra4 58. Rb7 Ra3+ 59. Kg2 Ra4 60. Kf3 Ra3+ 61. Kg2 Ra6 62. f3 Rd6 63. Kg3 Rd2 64. Rb4 Ra2 65. Re4 Kf7 66. Rd4 Ke6 67. Re4+ Kd5 68. Re8 Rb2 69. Re3 Rb6 70. f4 Kd4 71. Rf3 Ke4 72. fxg5 fxg5 0-1


[Site "https://www.chess.com"]

[Event "Titled Tuesday Blitz January 04 2022"]
[White "Liyanage, Ranindu Dilshan"]
[Black "Ronka, Erik"]
[WhiteFideId "9915834"]
[BlackFideId "505080"]
[WhiteElo "1858"]
[BlackElo "2264"]
[Result "1-0"]
[Round "08"]
[TimeControl "180+1"]
[Date "2022.01.04"]
[WhiteClock "0:01:01"]
[BlackClock "0:00:09"]

1. e4 c5 2. Nf3 d6 3. d4 Nf6 4. Nc3 cxd4 5. Nxd4 g6 6. g3 Bg4 7. f3 Bd7 8. Be3 Bg7 9. Bg2 O-O 10. O-O Nc6 11. Qd2 Re8 12. h3 Rc8 13. f4 Qa5 14. a3 Nxd4 15. Bxd4 e5 16. Be3 exf4 17. gxf4 Bc6 18. Qd3 Qa6 19. Rae1 Qxd3 20. cxd3 b6 21. Kh2 Nd7 22. d4 Ba8 23. Rc1 Nf6 24. e5 dxe5 25. fxe5 Bxg2 26. Kxg2 Nd7 27. Nd5 Rxc1 28. Rxc1 Nxe5 29. dxe5 Rxe5 30. Rc8+ Bf8 31. Bh6 1-0


[Site "https://www.chess.com"]

[Event "Titled Tuesday Blitz January 04 2022"]
[White "Lorparizangeneh, Shahin"]
[Black "Navalgund, Niranjan"]
[WhiteFideId "12521604"]
[BlackFideId "5030854"]
[WhiteElo "2525"]
[BlackElo "2290"]
[Result "1-0"]
[Round "08"]
[TimeControl "180+1"]
[Date "2022.01.04"]
[WhiteClock "0:00:16"]
[BlackClock "0:00:20"]

1. e4 e5 2. Nf3 Nc6 3. Bb5 a6 4. Ba4 Nf6 5. O-O Be7 6. d3 d6 7. c3 O-O 8. Nbd2 Nd7 9. Re1 Nc5 10. Bxc6 bxc6 11. d4 exd4 12. cxd4 Nd7 13. Nf1 c5 14. b3 Bf6 15. Bb2 Bb7 16. Ng3 Re8 17. Qd2 cxd4 18. Nxd4 Nc5 19. f3 Bg5 20. Qc3 Bf6 21. Nh5 Be5 22. f4 Bf6 23. e5 dxe5 24. Qxc5 exd4 25. Rxe8+ Qxe8 26. Nxf6+ gxf6 27. Qxd4 Qe4 28. Qf2 Rd8 29. Bxf6 Rd3 30. Re1 Qc6 31. Ba1 f5 32. Qb2 Rd4 33. h3 Qd5 34. Kh2 c5 35. Qf2 Rd3 36. Re7 Kf8 37. Re5 Rd2 38. Rxf5+ Qxf5 39. Qxd2 Qd5 40. Qxd5 Bxd5 41. g4 c4 42. bxc4 Bxc4 43. a3 a5 44. Kg3 a4 45. f5 Kf7 46. Kf4 Bd3 47. h4 Be2 48. Bc3 Bd1 49. g5 Be2 50. Ke3 Bd1 51. Be5 Bg4 52. Kf4 Bd1 53. Bd6 Be2 54. Ke5 Bd1 55. Bb4 Be2 56. Bd2 Bd1 57. Kd4 Be2 58. Kc5 Bd1 59. Kb4 Kg7 60. h5 Bxh5 61. Kxa4 Bg4 62. f6+ Kg6 63. Kb5 Be2+ 64. Kb6 Bd1 65. Ka5 Kf7 66. a4 Ke6 67. Kb5 Kd7 68. a5 Bb3 69. Kb6 Kc8 70. a6 Kb8 71. a7+ Ka8 72. Be3 Ba2 73. Kc7 Bb1 74. Kd6 Bg6 75. Ke7 Bh5 76. f7 Bxf7 77. Kxf7 1-0


[Site "https://www.chess.com"]

[Event "Titled Tuesday Blitz January 04 2022"]
[White "Moroni, Luca Jr"]
[Black "Maghsoodloo, Parham"]
[WhiteFideId "865834"]
[BlackFideId "12539929"]
[WhiteElo "2573"]
[BlackElo "2630"]
[Result "0-1"]
[Round "08"]
[TimeControl "180+1"]
[Date "2022.01.04"]
[WhiteClock "0:00:03"]
[BlackClock "0:00:39"]

1. d4 Nf6 2. c4 g6 3. Nc3 d5 4. cxd5 Nxd5 5. e4 Nxc3 6. bxc3 Bg7 7. Bb5+ Bd7 8. Bc4 b5 9. Bb3 a5 10. a3 c5 11. Nf3 O-O 12. h3 Bc6 13. Bc2 b4 14. axb4 axb4 15. Rxa8 Bxa8 16. cxb4 cxd4 17. O-O Nc6 18. Bd2 Qb6 19. Qb1 Rb8 20. Qb3 Na7 21. Bd3 Nb5 22. Ra1 Nc3 23. Bxc3 dxc3 24. Ra6 Qc7 25. Ng5 Qf4 26. Nxf7 Kf8 27. Bc4 Bd4 28. Ra2 Bxe4 29. Qd1 c2 30. Rxc2 Bxc2 31. Qxc2 Rxb4 32. Ba2 Qxf2+ 33. Qxf2 Bxf2+ 34. Kh2 Be3 35. Kg3 Bf4+ 36. Kf3 Ke8 37. Be6 Rb6 38. Ba2 Rf6 39. Ke4 Rxf7 40. Bxf7+ Kxf7 41. Kxf4 Kf6 42. Ke4 e5 43. g3 Ke6 44. g4 g5 45. Kd3 Kd5 46. Ke3 e4 47. Ke2 Kd4 0-1


[Site "https://www.chess.com"]

[Event "Titled Tuesday Blitz January 04 2022"]
[White "Moskalenko, Alexander"]
[Black "Tsydypov, Zhamsaran"]
[WhiteFideId "4155351"]
[BlackFideId "4108566"]
[WhiteElo "2515"]
[BlackElo "2614"]
[Result "0-1"]
[Round "08"]
[TimeControl "180+1"]
[Date "2022.01.04"]
[WhiteClock "0:00:11"]
[BlackClock "0:00:33"]

1. d4 Nf6 2. c4 c5 3. d5 b5 4. Qc2 bxc4 5. Nc3 g6 6. e4 d6 7. Nf3 Bg7 8. Bxc4 O-O 9. h3 Nbd7 10. O-O Nb6 11. Be2 e6 12. dxe6 Bxe6 13. Rd1 Qe7 14. Bf4 d5 15. Rac1 Rfc8 16. Ng5 d4 17. Nb5 Bxa2 18. Nd6 h6 19. Nxc8 Rxc8 20. b3 hxg5 21. Bxg5 Bxb3 22. Qxb3 Qxe4 23. Ba6 Rc7 24. Qb5 Qf5 25. Bxf6 Bxf6 26. Qe8+ Kg7 27. Bd3 Qd5 28. Qb8 Be5 29. Re1 c4 30. Be4 Qd6 31. Qe8 d3 32. Rcd1 Bd4 33. Bxd3 cxd3 34. Qe4 Rc3 35. Rf1 Bc5 36. Kh1 d2 37. Qf4 Qxf4 0-1


[Site "https://www.chess.com"]

[Event "Titled Tuesday Blitz January 04 2022"]
[White "Nesterov, Arseniy"]
[Black "Panesar Vedant"]
[WhiteFideId "24198455"]
[BlackFideId "35033018"]
[WhiteElo "2489"]
[BlackElo "1971"]
[Result "1/2-1/2"]
[Round "08"]
[TimeControl "180+1"]
[Date "2022.01.04"]
[WhiteClock "0:00:06"]
[BlackClock "0:00:35"]

1. d4 Nf6 2. c4 g6 3. Nc3 d5 4. cxd5 Nxd5 5. e4 Nxc3 6. bxc3 Bg7 7. Qa4+ Nd7 8. Nf3 O-O 9. Be2 c5 10. O-O cxd4 11. cxd4 Nc5 12. dxc5 Bxa1 13. e5 Qd7 14. Qf4 Qf5 15. Qh6 Qh5 16. Qe3 Bg4 17. Ba3 Bxf3 18. Bxf3 Qxe5 19. Bxb7 Rac8 20. Bxc8 Rxc8 21. Rc1 Bd4 22. Qxe5 Bxe5 23. g3 Rc6 24. Kg2 f5 25. Rb1 Bd4 26. Rb4 e5 27. Rb8+ Kg7 28. Rb7+ Kh6 29. Rxa7 Bxc5 30. Bxc5 Rxc5 31. a4 Rc2 32. a5 Ra2 33. a6 e4 34. Kg1 Kg5 35. Rxh7 Rxa6 36. Kg2 Ra2 37. Re7 Kf6 38. Re8 g5 39. h4 gxh4 40. gxh4 f4 41. Rxe4 Kf5 42. Re8 Kg4 43. Rg8+ Kxh4 44. Kf3 Kh5 45. Rf8 Kg5 46. Rg8+ Kf5 47. Rf8+ Ke5 48. Re8+ Kf5 49. Rf8+ Ke5 50. Re8+ Kf5 51. Rf8+ 1/2-1/2


[Site "https://www.chess.com"]

[Event "Titled Tuesday Blitz January 04 2022"]
[White "Onyshchuk, Volodymyr"]
[Black "Howell, David W L"]
[WhiteFideId "14114038"]
[BlackFideId "410608"]
[WhiteElo "2642"]
[BlackElo "2559"]
[Result "0-1"]
[Round "08"]
[TimeControl "180+1"]
[Date "2022.01.04"]
[WhiteClock "0:00:02"]
[BlackClock "0:00:27"]

1. g3 h5 2. h3 e5 3. Bg2 d5 4. d3 c6 5. Nd2 Ne7 6. b3 Be6 7. Bb2 Nd7 8. e3 Qc7 9. Ne2 O-O-O 10. b4 h4 11. g4 f5 12. gxf5 Nxf5 13. a3 Bd6 14. Nb3 Kb8 15. Qd2 Rhf8 16. O-O-O Nb6 17. Ba1 Na4 18. Nc3 Nxc3 19. Bxc3 g5 20. Kb1 Ne7 21. Rdf1 Nc8 22. Nc5 Bg8 23. e4 d4 24. Bb2 Qe7 25. Rhg1 Nb6 26. Bh1 Rf4 27. Nb3 Na4 28. Rg2 Be6 29. Rfg1 Rg8 30. Rh2 Nxb2 31. Kxb2 Bc8 32. Qd1 Qf6 33. f3 Be6 34. Bg2 Kc7 35. Nd2 b5 36. Bf1 a5 37. bxa5 Qe7 38. Qa1 Ra8 39. Nb3 c5 40. a4 c4 41. axb5 cxb3 42. cxb3 Bb4 43. Rc2+ Bc3+ 0-1


[Site "https://www.chess.com"]

[Event "Titled Tuesday Blitz January 04 2022"]
[White "Paravyan, David"]
[Black "Grandelius, Nils"]
[WhiteFideId "4194985"]
[BlackFideId "1710400"]
[WhiteElo "2569"]
[BlackElo "2617"]
[Result "1/2-1/2"]
[Round "08"]
[TimeControl "180+1"]
[Date "2022.01.04"]
[WhiteClock "0:00:08"]
[BlackClock "0:00:04"]

1. e4 c6 2. d4 d5 3. exd5 cxd5 4. c4 Nf6 5. Nc3 Nc6 6. Nf3 a6 7. Bg5 Be6 8. c5 g6 9. Bd3 Bg7 10. h3 O-O 11. O-O Nd7 12. Bc2 b6 13. Ba4 Rc8 14. Bxc6 Rxc6 15. Qa4 Qc8 16. b4 bxc5 17. bxc5 Nxc5 18. dxc5 Bxc3 19. Bxe7 Re8 20. Bd6 Bxa1 21. Rxa1 Rxd6 22. cxd6 Rd8 23. Qf4 Qc6 24. Qh6 f6 25. Qf4 Kg7 26. Rc1 Qxd6 27. Rc7+ Bf7 28. Qxd6 Rxd6 29. Nd4 f5 30. g3 Kf6 31. f4 Rb6 32. Nf3 Rb1+ 33. Kf2 Rb2+ 34. Ke3 Rxa2 35. Ng5 Ra3+ 36. Kd4 Bg8 37. g4 Ra4+ 38. Ke3 d4+ 39. Kf2 d3 40. Kg3 Rd4 41. Nf3 Rd8 42. Nd2 fxg4 43. hxg4 h6 44. g5+ hxg5 45. Rc6+ Kf5 46. fxg5 Kxg5 47. Rxa6 Kf5 48. Ra5+ Rd5 49. Ra8 Be6 50. Rf8+ Ke5 51. Ra8 Kd4 52. Nf3+ Kc3 53. Ra6 Bf5 54. Rc6+ Kb2 55. Nd2 Rd8 56. Kf4 Re8 57. Kf3 Re2 58. Nc4+ Kb3 59. Ne3 Rc2 60. Rb6+ Ka2 61. Ra6+ Kb1 62. Rd6 d2 63. Ke2 Rb2 64. Rxd2 Rxd2+ 65. Kxd2 Be4 66. Ng4 Bf5 67. Ne5 Be4 68. Ke3 Bf5 69. Kf4 Bc2 70. Kg5 Kc1 71. Nxg6 1/2-1/2


[Site "https://www.chess.com"]

[Event "Titled Tuesday Blitz January 04 2022"]
[White "Perez Ponsa, Federico"]
[Black "Ozen, Bahadir"]
[WhiteFideId "117927"]
[BlackFideId "6337058"]
[WhiteElo "2672"]
[BlackElo "2503"]
[Result "1-0"]
[Round "08"]
[TimeControl "180+1"]
[Date "2022.01.04"]
[WhiteClock "0:00:10"]
[BlackClock "0:00:03"]

1. d4 d5 2. Nf3 Nf6 3. Bf4 Bf5 4. e3 e6 5. c4 Bxb1 6. Rxb1 Bb4+ 7. Ke2 Bd6 8. Bg3 O-O 9. Qc2 c6 10. Ne5 Ne4 11. f3 Nxg3+ 12. hxg3 h6 13. f4 Nd7 14. Kf2 Nxe5 15. dxe5 Bc7 16. cxd5 exd5 17. Rd1 Qe7 18. Qf5 Qe6 19. Qxe6 fxe6 20. Kf3 Kf7 21. Bd3 Ke7 22. Ke2 a5 23. g4 a4 24. Rh5 a3 25. b3 d4 26. g5 dxe3 27. g3 hxg5 28. Rxg5 Bb6 29. Rxg7+ Rf7 30. Rxf7+ Kxf7 31. Rh1 Rg8 32. Kf3 Rd8 33. Rh7+ Kg8 34. Rxb7 Bc5 35. Bc4 Rd2 36. Bxe6+ Kh8 37. Bc4 Rf2+ 38. Kg4 e2 39. Bxe2 Rxe2 40. b4 Rb2 41. e6 Rxb4 42. e7 Bxe7 43. Rxe7 Rb2 44. Rc7 Rxa2 45. Rxc6 Rg2 46. Ra6 a2 47. f5 Kg7 48. Kf4 Kf7 49. g4 Rf2+ 50. Kg5 Rg2 51. Ra7+ Kg8 52. f6 Kf8 53. Kf5 Kg8 54. g5 Kh8 55. Kg6 a1=Q 56. Rxa1 Rxg5+ 57. Kxg5 Kh7 58. Ra7+ Kg8 59. Kg6 1-0


[Site "https://www.chess.com"]

[Event "Titled Tuesday Blitz January 04 2022"]
[White "Piesik, Piotr"]
[Black "Danada, Tomas"]
[WhiteFideId "1136194"]
[BlackFideId "14919362"]
[WhiteElo "2232"]
[BlackElo "2051"]
[Result "0-1"]
[Round "08"]
[TimeControl "180+1"]
[Date "2022.01.04"]
[WhiteClock "0:00:49"]
[BlackClock "0:00:41"]

1. Nf3 Nc6 2. g3 e5 3. d3 d5 4. Bg2 Be6 5. O-O f6 6. e4 dxe4 7. dxe4 Qxd1 8. Rxd1 Bc5 9. c3 a5 10. Nbd2 O-O-O 11. Re1 Nge7 12. Bf1 g5 13. Nb3 Bb6 14. Be3 Bxe3 15. Rxe3 b6 16. Ree1 h5 17. Rad1 a4 18. Nc1 h4 19. Bb5 Bg4 20. Be2 Kb7 21. Rxd8 Rxd8 22. Rd1 Rxd1+ 23. Bxd1 f5 24. Be2 fxe4 25. Nxg5 Bf5 26. gxh4 a3 27. bxa3 Nd5 28. c4 Nf4 29. h5 Nd4 30. Bd1 Nde6 31. Nxe6 Bxe6 32. h6 Bg8 33. Ne2 Kc6 34. Ng3 Bh7 35. Bg4 Kc5 36. Bf5 Bxf5 37. Nxf5 Kxc4 38. h7 Ng6 39. h4 Kd3 40. h5 Nh8 41. Ne7 c5 42. Ng6 c4 43. Nxh8 c3 44. Ng6 c2 45. h8=Q c1=Q+ 46. Kh2 Qb2 47. Qd8+ Ke2 48. Qh4 e3 49. fxe3 Kf3+ 0-1


[Site "https://www.chess.com"]

[Event "Titled Tuesday Blitz January 04 2022"]
[White "Pranav, V"]
[Black "Sarana, Alexey"]
[WhiteFideId "25060783"]
[BlackFideId "24133795"]
[WhiteElo "2349"]
[BlackElo "2665"]
[Result "0-1"]
[Round "08"]
[TimeControl "180+1"]
[Date "2022.01.04"]
[WhiteClock "0:00:04"]
[BlackClock "0:00:15"]

1. e4 c5 2. Nf3 d6 3. d4 cxd4 4. Nxd4 Nf6 5. Nc3 a6 6. Bg5 e6 7. f4 Qb6 8. Nb3 Be7 9. Qf3 Qc7 10. O-O-O Nbd7 11. Bh4 b5 12. Bd3 Bb7 13. Rhe1 b4 14. Ne2 Rc8 15. Bf2 Nxe4 16. Bxe4 Nf6 17. Ned4 Nxe4 18. Rxe4 f5 19. Nd2 fxe4 20. Qg4 Bf6 21. Qxe6+ Qe7 22. Qb3 d5 23. Nf5 Qc7 24. Nxe4 O-O 25. Ned6 Rcd8 26. Qxb4 Bc8 27. Bb6 Qb8 28. Nxc8 Rxc8 29. Nd4 Rc4 30. Qb3 Qxf4+ 31. Kb1 Bxd4 32. g3 Qg4 33. c3 Bxb6 34. Rxd5 Rf1+ 35. Kc2 Qe4+ 36. Rd3 Rf2+ 0-1


[Site "https://www.chess.com"]

[Event "Titled Tuesday Blitz January 04 2022"]
[White "Punin, Andrii"]
[Black "Demchenko, Anton"]
[WhiteFideId "14112639"]
[BlackFideId "4160258"]
[WhiteElo "2357"]
[BlackElo "2539"]
[Result "0-1"]
[Round "08"]
[TimeControl "180+1"]
[Date "2022.01.04"]
[WhiteClock "0:00:03"]
[BlackClock "0:00:08"]

1. e4 e5 2. Nf3 Nc6 3. Bb5 a6 4. Ba4 Nge7 5. c3 d6 6. d4 Bd7 7. d5 Nb8 8. c4 Ng6 9. g3 Be7 10. h4 h6 11. Bxd7+ Nxd7 12. h5 Ngf8 13. Nc3 Nh7 14. g4 O-O 15. Be3 Bg5 16. Qd2 Bxe3 17. Qxe3 Rb8 18. a4 a5 19. O-O Nc5 20. Rfb1 Qf6 21. b4 axb4 22. Rxb4 Ra8 23. a5 Qe7 24. Ne2 b6 25. Rb5 Qd7 26. Nh2 Nf6 27. f3 Rxa5 28. Rbxa5 bxa5 29. Rxa5 Rb8 30. Ng3 Rb1+ 31. Nhf1 Qe8 32. Nf5 Nh7 33. Qa3 Ng5 34. Ra8 Rb8 35. Rxb8 Qxb8 36. Kg2 Kh7 37. Nh2 g6 38. hxg6+ fxg6 39. Ne3 Kg7 40. Nef1 Qb6 41. Ng3 Nf7 42. Nhf1 Qb7 43. Ne3 Ng5 44. Ne2 Qb8 45. Ng1 Qb6 46. Nf1 Qb3 47. Qxb3 Nxb3 48. Ne3 Nc5 49. Nh3 Nd3 50. Nxg5 hxg5 51. Kf1 Kf6 52. Ke2 Nc5 53. Kd2 Nb3+ 54. Kd1 Nd4 55. Kd2 Nxf3+ 56. Ke2 Nd4+ 57. Kd3 Nb3 58. Nd1 Nc5+ 59. Ke3 Ke7 60. Nf2 Na4 61. Nh3 Kf6 62. Nf2 Nb2 63. c5 dxc5 64. Kd2 Nc4+ 65. Kd3 Nd6 66. Kc3 c4 67. Kb4 Ke7 68. Kc3 Kd7 69. Nh3 Nxe4+ 70. Kxc4 Kd6 71. Kd3 Kxd5 72. Ng1 c5 73. Nf3 c4+ 74. Ke3 Nf6 75. Nxg5 Nxg4+ 76. Kd2 Nf6 77. Kc2 Ne4 78. Nf3 g5 79. Nh2 Nf6 80. Nf1 g4 81. Kc3 Kc5 82. Ne3 Nd5+ 0-1


[Site "https://www.chess.com"]

[Event "Titled Tuesday Blitz January 04 2022"]
[White "Rozen, Eytan"]
[Black "Hakobyan, Aram"]
[WhiteFideId "2816750"]
[BlackFideId "13306677"]
[WhiteElo "2115"]
[BlackElo "2557"]
[Result "0-1"]
[Round "08"]
[TimeControl "180+1"]
[Date "2022.01.04"]
[WhiteClock "0:00:03"]
[BlackClock "0:00:43"]

1. g3 d5 2. d4 Bf5 3. Bg2 e6 4. Nf3 Nf6 5. Nh4 Be4 6. f3 Bg6 7. O-O c5 8. c3 Nc6 9. Nxg6 hxg6 10. b3 Bd6 11. Bb2 cxd4 12. cxd4 g5 13. e4 Qb6 14. Rf2 e5 15. Nc3 Nxd4 16. Nxd5 Nxd5 17. Bxd4 exd4 18. exd5 d3 19. b4 Kf8 20. Qxd3 Rxh2 21. Kxh2 Qxf2 22. f4 gxf4 23. Rf1 Qxg3+ 24. Qxg3 fxg3+ 25. Kh3 Re8 26. Rc1 g6 27. b5 Kg7 28. Kg4 f5+ 29. Kf3 Kf6 30. a4 Kg5 31. a5 Bf4 32. Rc3 Re1 33. b6 axb6 34. axb6 Rb1 35. Rd3 Rb2 0-1


[Site "https://www.chess.com"]

[Event "Titled Tuesday Blitz January 04 2022"]
[White "Sadhwani, Raunak"]
[Black "Klukin, Kirill"]
[WhiteFideId "35093487"]
[BlackFideId "24199273"]
[WhiteElo "2616"]
[BlackElo "2324"]
[Result "1-0"]
[Round "08"]
[TimeControl "180+1"]
[Date "2022.01.04"]
[WhiteClock "0:01:23"]
[BlackClock "0:00:12"]

1. e4 c5 2. Nf3 Nc6 3. Nc3 e5 4. Bc4 Be7 5. d3 d6 6. Nd2 Nf6 7. Nf1 Be6 8. Ne3 O-O 9. O-O a6 10. a4 Nd4 11. a5 Nd7 12. Ncd5 Bg5 13. c3 Nc6 14. Qa4 Kh8 15. Bd2 Bh6 16. b3 Ne7 17. Qa2 f5 18. Nb6 Bxc4 19. Nexc4 Nxb6 20. Nxb6 Bxd2 21. Qxd2 Rb8 22. exf5 Nxf5 23. f4 Qc7 24. fxe5 dxe5 25. Qg5 g6 26. Rae1 c4 27. Nxc4 Qc5+ 28. Kh1 Rbe8 29. Qg4 Qd5 30. Qe4 Qxe4 31. dxe4 Ne7 32. Nd6 Rb8 33. Rxf8+ Rxf8 34. Nxb7 Rb8 35. Nc5 1-0


[Site "https://www.chess.com"]

[Event "Titled Tuesday Blitz January 04 2022"]
[White "Samadov, Read"]
[Black "Padmini, Rout"]
[WhiteFideId "13417444"]
[BlackFideId "5029295"]
[WhiteElo "2084"]
[BlackElo "2181"]
[Result "0-1"]
[Round "08"]
[TimeControl "180+1"]
[Date "2022.01.04"]
[WhiteClock "0:00:01"]
[BlackClock "0:00:02"]

1. d4 Nf6 2. c4 g6 3. Nc3 d5 4. cxd5 Nxd5 5. e4 Nxc3 6. bxc3 Bg7 7. Bc4 c5 8. Ne2 O-O 9. O-O Nc6 10. Be3 b6 11. Rc1 Bb7 12. Qd2 e6 13. Rfd1 cxd4 14. cxd4 Na5 15. Bd3 Rc8 16. h4 Qd7 17. h5 Rxc1 18. Rxc1 Rc8 19. h6 Rxc1+ 20. Qxc1 Bf8 21. Qb2 Qc6 22. Bf4 Nc4 23. Qb3 b5 24. Qc3 a6 25. f3 Nb6 26. Qe1 Nd7 27. Qh4 Qc8 28. Be3 b4 29. Nf4 a5 30. Qg5 a4 31. e5 b3 32. axb3 a3 33. Qg3 a2 34. Qe1 Qa8 35. Qa1 Qa3 36. Bc2 Nb6 37. Nd3 Nd5 38. Bc1 Qa5 39. Kf2 Nb4 40. Nxb4 Bxb4 41. Bb2 Bd2 42. Bd3 Bxh6 43. Ke2 Bd2 44. Qd1 Bb4 45. Qa1 Bd5 46. Qc1 Kg7 47. Qa1 Bxb3 48. f4 Bd5 49. g3 Qa4 50. Ke3 Be7 51. Qc1 Bb4 52. Ke2 Be7 53. Ke3 h5 54. Ke2 Qb3 55. Ke3 Bb4 56. Qa1 Bc4 57. Qd1 Qxd1 0-1


[Site "https://www.chess.com"]

[Event "Titled Tuesday Blitz January 04 2022"]
[White "Senthil Maran K"]
[Black "Ibarra Jerez, Jose Carlos"]
[WhiteFideId "25035681"]
[BlackFideId "2226332"]
[WhiteElo "2194"]
[BlackElo "2626"]
[Result "0-1"]
[Round "08"]
[TimeControl "180+1"]
[Date "2022.01.04"]
[WhiteClock "0:00:01"]
[BlackClock "0:00:36"]

1. Nf3 Nf6 2. d4 g6 3. g3 Bg7 4. Bg2 O-O 5. O-O d6 6. c4 Bf5 7. Nc3 Ne4 8. Nxe4 Bxe4 9. Be3 c5 10. Qd2 Qb6 11. Rad1 Nc6 12. d5 Nb4 13. b3 Qa5 14. Bh6 Qxa2 15. Bxg7 Kxg7 16. Qc3+ Kg8 17. Rd2 Qa5 18. h4 Nc6 19. Qe3 Bxf3 20. exf3 Nd4 21. Rd3 e5 22. dxe6 fxe6 23. h5 Qc7 24. f4 Rae8 25. Rfd1 gxh5 26. Bf3 Qf7 27. Kg2 Re7 28. Rh1 h4 29. Rxh4 Nf5 30. Qe4 Nxh4+ 31. gxh4 Qxf4 32. Rxd6 Qxd6 0-1


[Site "https://www.chess.com"]

[Event "Titled Tuesday Blitz January 04 2022"]
[White "Shipov, Sergei"]
[Black "Sanal, Vahap"]
[WhiteFideId "4113624"]
[BlackFideId "6300545"]
[WhiteElo "2787"]
[BlackElo "2603"]
[Result "0-1"]
[Round "08"]
[TimeControl "180+1"]
[Date "2022.01.04"]
[WhiteClock "0:00:01"]
[BlackClock "0:00:06"]

1. d4 Nf6 2. c4 e6 3. Nc3 Bb4 4. Qc2 d5 5. a3 Bxc3+ 6. Qxc3 O-O 7. e3 b6 8. cxd5 Nxd5 9. Qc2 Bb7 10. Nf3 c5 11. dxc5 Nd7 12. b4 bxc5 13. b5 a6 14. Bd2 Qf6 15. Rb1 Ne5 16. Nxe5 Qxe5 17. b6 Rac8 18. Bc4 Nf4 19. Rg1 Nxg2+ 20. Kf1 Qxh2 21. e4 Nf4 22. Qc3 g6 23. Qe5 Qh3+ 24. Ke1 Nd3+ 25. Bxd3 Qxd3 26. Rb2 Rfd8 27. Rg3 Qd4 28. Qxd4 cxd4 29. Bf4 Rc5 30. Bc7 Rd7 31. f3 e5 32. Kf2 f6 33. f4 Bxe4 34. fxe5 fxe5 35. Re2 Rf7+ 36. Ke1 Rc1+ 37. Kd2 Rc2+ 38. Kd1 Rf1+ 39. Re1 Rxe1+ 40. Kxe1 Rc5 41. Rg5 Kf7 42. Rxe5 Rxe5 43. Bxe5 d3 44. Kd2 Ke6 45. Bf4 Kf5 46. Bh6 g5 47. Ke3 g4 48. Bf8 h5 49. Be7 g3 50. Bh4 Kg4 51. Kxe4 d2 52. b7 d1=Q 53. b8=Q Qf3+ 54. Kd4 Kxh4 55. Qd8+ Kh3 56. Kc5 Kg2 57. Kb6 Qe3+ 58. Kb7 Qf3+ 59. Ka7 Kg1 60. a4 g2 61. Kxa6 Kf1 62. Qb6 Qe2+ 63. Ka7 g1=Q 64. Qxg1+ Kxg1 0-1


[Site "https://www.chess.com"]

[Event "Titled Tuesday Blitz January 04 2022"]
[White "Sjugirov, Sanan"]
[Black "Xiong, Jeffery"]
[WhiteFideId "4189302"]
[BlackFideId "2047640"]
[WhiteElo "2602"]
[BlackElo "2727"]
[Result "0-1"]
[Round "08"]
[TimeControl "180+1"]
[Date "2022.01.04"]
[WhiteClock "0:00:02"]
[BlackClock "0:00:55"]

1. e4 c5 2. Nf3 d6 3. d4 Nf6 4. Nc3 cxd4 5. Nxd4 a6 6. Be3 e5 7. Nf3 Qc7 8. a4 h6 9. Be2 Be7 10. O-O O-O 11. a5 Bd8 12. Nd5 Nxd5 13. exd5 Nd7 14. c4 f5 15. b4 f4 16. Bd2 Nf6 17. Rc1 Bf5 18. Re1 Kh8 19. Qb3 b6 20. axb6 Qxb6 21. Qa3 Qa7 22. c5 Nxd5 23. Ra1 a5 24. bxa5 e4 25. Nd4 e3 26. fxe3 fxe3 27. Bxe3 Qxa5 28. Qxa5 Bxa5 29. Nxf5 Bxe1 30. Rxa8 Rxa8 31. Bf3 Ra1 32. Bd4 Bc3+ 33. Kf2 Bxd4+ 34. Nxd4 dxc5 35. Bxd5 cxd4 36. Ke2 Ra3 0-1


[Site "https://www.chess.com"]

[Event "Titled Tuesday Blitz January 04 2022"]
[White "Smirnov, Timofey"]
[Black "Kobo, Ori"]
[WhiteFideId "24176427"]
[BlackFideId "2812320"]
[WhiteElo "2320"]
[BlackElo "2420"]
[Result "0-1"]
[Round "08"]
[TimeControl "180+1"]
[Date "2022.01.04"]
[WhiteClock "0:00:06"]
[BlackClock "0:00:02"]

1. e4 g6 2. d4 Bg7 3. Nc3 d6 4. Nf3 Nf6 5. Be2 O-O 6. O-O c6 7. a4 Nbd7 8. Bg5 Qc7 9. Qd2 b6 10. Bh6 Bb7 11. Bxg7 Kxg7 12. a5 b5 13. a6 Bc8 14. b4 Nb6 15. d5 cxd5 16. exd5 Bd7 17. Nxb5 Bxb5 18. Bxb5 Nbxd5 19. c4 Nb6 20. Rac1 Rac8 21. Rfe1 Rfd8 22. Qe3 e5 23. h3 Nbd7 24. Red1 Qb8 25. Qa3 Nf8 26. Qa4 Ne6 27. Bc6 Nf4 28. Rc2 Qb6 29. Bb7 Rb8 30. Rcd2 Qc7 31. Qb3 Qe7 32. Kh2 Ne8 33. g3 Ne6 34. Qe3 Rxb7 35. axb7 Qxb7 36. Nxe5 Rb8 37. Nd3 h6 38. c5 Ng5 39. Ne1 dxc5 40. bxc5 Nf6 41. f4 Nge4 42. Re2 Qc6 43. Qf3 Rb4 44. Nd3 Rc4 45. Ne5 Qxc5 46. Nxc4 Qxc4 47. Rde1 Nd6 48. Re7 Nf5 49. R7e5 h5 50. Qf2 Qc3 51. Rxf5 gxf5 52. Re3 Qd4 53. Rf3 Qd5 54. Qe2 Ne4 55. Re3 Kg6 56. Qf3 a5 57. g4 hxg4 58. hxg4 a4 59. gxf5+ Kxf5 60. Qh3+ Kxf4 61. Rf3+ Kg5 62. Rf5+ Qxf5 0-1


[Site "https://www.chess.com"]

[Event "Titled Tuesday Blitz January 04 2022"]
[White "Svane, Rasmus"]
[Black "Sipetin, Vladislav"]
[WhiteFideId "4657101"]
[BlackFideId "24176893"]
[WhiteElo "2645"]
[BlackElo "2228"]
[Result "1-0"]
[Round "08"]
[TimeControl "180+1"]
[Date "2022.01.04"]
[WhiteClock "0:00:09"]
[BlackClock "0:00:08"]

1. Nf3 Nf6 2. g3 e6 3. Bg2 d5 4. O-O Be7 5. c4 O-O 6. b3 c6 7. Bb2 b6 8. d4 Bb7 9. Qc2 Na6 10. Nc3 Rc8 11. Rad1 Qc7 12. Qb1 Qb8 13. e4 Nc7 14. Rfe1 Rfe8 15. h4 h6 16. e5 Nd7 17. cxd5 Nxd5 18. Nxd5 cxd5 19. Bf1 a5 20. Bb5 Bc6 21. Bd3 Qa7 22. Kg2 Bb7 23. g4 Ba6 24. Bh7+ Kh8 25. h5 Nf8 26. Bd3 Bxd3 27. Qxd3 Nh7 28. Rc1 Ng5 29. Rc2 Qb7 30. Rec1 Rxc2 31. Qxc2 Nxf3 32. Kxf3 Qa6 33. Qe2 Qb7 34. Qc2 Qa6 35. Ke3 a4 36. bxa4 Ra8 37. Qb3 Qxa4 38. Rc8+ Kh7 39. Qd3+ g6 40. Rc7 Ra7 41. hxg6+ fxg6 42. Rxa7 Qxa7 43. Qb3 Qa6 44. Qc2 Kg7 45. a4 Qc4 46. Qxc4 dxc4 47. Bc3 h5 48. f3 Kf7 49. Kf4 g5+ 50. Kg3 h4+ 51. Kf2 Ke8 52. Ke3 Kd7 53. f4 gxf4+ 54. Kxf4 Kc6 55. Ke4 h3 56. Kf3 Bh4 57. Bd2 Kd5 58. g5 c3 59. Bc1 Bxg5 60. Bxg5 Kxd4 61. Bf4 c2 62. Kg3 Kc3 63. Kxh3 Kb2 64. Kg4 c1=Q 65. Bxc1+ Kxc1 66. Kg5 Kb2 67. Kf6 Ka3 68. Kxe6 Kxa4 69. Kd5 b5 70. e6 b4 71. e7 1-0


[Site "https://www.chess.com"]